PCL
ALBUQUERQUE ISOTOPES @ TEXARKANA BEARS
09/11/2027
 
TOP OF THE 1ST
Albuquerque Isotopes batting - Pitching for Texarkana Bears : RHP Ángelo Gusmán
Pitching: RHP Ángelo Gusmán
Batting: RHB Miguel Monteagudo 0-0: Ball
1-0: Foul Ball, location: 2F
1-1: Ground out 6-3 (Groundball, 6)
Batting: LHB Bernardo Montés 0-0: Ball
1-0: Foul Ball, location: 2F
1-1: Swinging Strike
1-2: SINGLE (Line Drive, 4D)
Batting: LHB Juan Carlos Sánchez 0-0: Swinging Strike
0-1: Called Strike
0-2: Ball
1-2: Foul Ball, location: 2F
1-2: Grounds into double play, 4-6-3 (Groundball, 4)
Top of the 1st over - 0 run(s), 1 hit(s), 0 error(s), 0 left on base; Albuquerque 0 - Texarkana 0
BOTTOM OF THE 1ST
Texarkana Bears batting - Pitching for Albuquerque Isotopes : RHP Francisco Álvarez
Pitching: RHP Francisco Álvarez
Batting: RHB Steve Garneys 0-0: Ball
1-0: Swinging Strike
1-1: Ball
2-1: Fly out, F4 (Line Drive, 4MS)
Batting: RHB Tony Reyes 0-0: Ball
1-0: Called Strike
1-1: Fly out, F5 (Line Drive, 56S)
Batting: LHB Sam Barnes 0-0: Ball
1-0: Ball
2-0: SOLO HOME RUN (Line Drive, 9D), Distance : 392 ft
Batting: RHB Billy Campbell 0-0: Ball
1-0: Ground out 4-3 (Groundball, 4)
Bottom of the 1st over - 1 run(s), 1 hit(s), 0 error(s), 0 left on base; Albuquerque 0 - Texarkana 1
TOP OF THE 2ND
Albuquerque Isotopes batting - Pitching for Texarkana Bears : RHP Ángelo Gusmán
Batting: LHB José González 0-0: Called Strike
0-1: Foul Ball, location: 2F
0-2: Foul Ball, location: 2F
0-2: Ball
1-2: Strikes out looking
Batting: RHB Juan Vareas 0-0: Ball
1-0: Called Strike
1-1: Ball
2-1: Ball
3-1: Base on Balls
Batting: RHB Alden Isenhood 0-0: Called Strike
0-1: Ball
1-1: Ball
2-1: Ball
3-1: Base on Balls
Juan Vareas to second
Batting: RHB Víctor Solano 0-0: Called Strike
0-1: Swinging Strike
0-2: Strikes out swinging
Batting: RHB Dave McGrath 0-0: Ball
1-0: Ball
2-0: Ball
3-0: Base on Balls
Juan Vareas to third
Alden Isenhood to second
Batting: RHB Rick Ayliffe 0-0: Swinging Strike
0-1: Ball
1-1: Foul Ball, location: 2F
1-2: Fly out, F8 (Flyball, 8LD)
Top of the 2nd over - 0 run(s), 0 hit(s), 0 error(s), 3 left on base; Albuquerque 0 - Texarkana 1
BOTTOM OF THE 2ND
Texarkana Bears batting - Pitching for Albuquerque Isotopes : RHP Francisco Álvarez
Batting: LHB Tom Mullins 0-0: Ball
1-0: Fly out, F8 (Flyball, 89M)
Batting: RHB Taki Chikafuji 0-0: Foul Ball, location: 2F
0-1: Called Strike
0-2: Ball
1-2: Fly out, F8 (Flyball, 89M)
Batting: LHB Mark Thomas 0-0: Foul Ball, location: 2F
0-1: Fly out, F3 (Popup, 3)
Bottom of the 2nd over - 0 run(s), 0 hit(s), 0 error(s), 0 left on base; Albuquerque 0 - Texarkana 1
TOP OF THE 3RD
Albuquerque Isotopes batting - Pitching for Texarkana Bears : RHP Ángelo Gusmán
Batting: RHB Miguel Monteagudo 0-0: Called Strike
0-1: Foul Ball, location: 2F
0-2: Ball
1-2: SINGLE (Line Drive, 6M)
Batting: LHB Bernardo Montés 0-0: Ball
1-0: Called Strike
1-1: Called Strike
1-2: Ground out 4-3 (Groundball, 34)
Miguel Monteagudo to second
Batting: LHB Juan Carlos Sánchez 0-0: Ball
1-0: Fly out, F7 (Flyball, 7D)
Batting: LHB José González 0-0: Called Strike
0-1: Ball
1-1: Swinging Strike
1-2: Ground out 4-3 (Groundball, 4)
Top of the 3rd over - 0 run(s), 1 hit(s), 0 error(s), 1 left on base; Albuquerque 0 - Texarkana 1
BOTTOM OF THE 3RD
Texarkana Bears batting - Pitching for Albuquerque Isotopes : RHP Francisco Álvarez
Batting: RHB Juan Rico 0-0: Called Strike
0-1: Ball
1-1: Foul Ball, location: 2F
1-2: SINGLE (Groundball, 6MD)
Batting: RHB Arturo Rodríguez 0-0: Ball
1-0: Fielders Choice at 2nd, 6-4 (Groundball, 6)
Batting: RHB Steve Garneys 0-0: Ball
1-0: Called Strike
1-1: Ball
2-1: Ball
3-1: Reached on error, E2 (Groundball, 2L)
Arturo Rodríguez to third
Batting: RHB Tony Reyes 0-0: Ball
1-0: Ball
2-0: SINGLE (Flyball, 9S)
Arturo Rodríguez scores
Steve Garneys to third
Runner from 3rd tries for Home, SAFE, no throw
Batting: LHB Sam Barnes 0-0: Fly out, F9 (Flyball, 9S)
Batting: RHB Billy Campbell 0-0: Ball
1-0: Ball
2-0: Ball
3-0: Base on Balls
Tony Reyes to second
Batting: LHB Tom Mullins 0-0: Ground out U3 (Groundball, 3L)
Bottom of the 3rd over - 2 run(s), 2 hit(s), 1 error(s), 2 left on base; Albuquerque 0 - Texarkana 3
TOP OF THE 4TH
Albuquerque Isotopes batting - Pitching for Texarkana Bears : RHP Ángelo Gusmán
Batting: RHB Juan Vareas 0-0: Ball
1-0: Called Strike
1-1: Called Strike
1-2: Ball
2-2: Foul Ball, location: 2F
2-2: Strikes out swinging
Batting: RHB Alden Isenhood 0-0: Ball
1-0: Ball
2-0: Called Strike
2-1: Ball
3-1: Base on Balls
Batting: RHB Víctor Solano 0-0: Ball
1-0: Called Strike
1-1: Foul Ball, location: 2F
1-2: Ball
2-2: Foul Ball, location: 2F
2-2: Strikes out swinging
Batting: RHB Dave McGrath 0-0: Called Strike
0-1: Ball
1-1: Ball
2-1: Ball
3-1: Foul Ball, location: 2F
3-2: Base on Balls
Alden Isenhood to second
Batting: RHB Rick Ayliffe 0-0: Foul Ball, location: 2F
0-1: Called Strike
0-2: Ball
1-2: Foul Ball, location: 2F
1-2: Fly out, F8 (Flyball, 8LD)
Top of the 4th over - 0 run(s), 0 hit(s), 0 error(s), 2 left on base; Albuquerque 0 - Texarkana 3
BOTTOM OF THE 4TH
Texarkana Bears batting - Pitching for Albuquerque Isotopes : RHP Francisco Álvarez
Batting: RHB Taki Chikafuji 0-0: Ball
1-0: Ball
2-0: Called Strike
2-1: Swinging Strike
2-2: Strikes out looking
Batting: LHB Mark Thomas 0-0: Ball
1-0: Ball
2-0: Ball
3-0: Base on Balls
Batting: RHB Juan Rico 0-0: Ball
1-0: Foul Ball, location: 2F
1-1: Ball
2-1: Foul Ball, location: 2F
2-2: Foul Ball, location: 2F
2-2: Foul Ball, location: 2F
2-2: Foul Ball, location: 2F
2-2: Strikes out swinging
Batting: RHB Arturo Rodríguez 0-0: Ball
1-0: Called Strike
1-1: Ball
2-1: Foul Ball, location: 2F
2-2: Ball
3-2: Base on Balls
Mark Thomas to second
Batting: RHB Steve Garneys 0-0: Called Strike
0-1: Called Strike
0-2: Foul Ball, location: 2F
0-2: Fielders Choice at 2nd, 6-4 (Groundball, 6)
Bottom of the 4th over - 0 run(s), 0 hit(s), 0 error(s), 1 left on base; Albuquerque 0 - Texarkana 3
TOP OF THE 5TH
Albuquerque Isotopes batting - Pitching for Texarkana Bears : RHP Ángelo Gusmán
Batting: RHB Miguel Monteagudo 0-0: Ball
1-0: Ball
2-0: Called Strike
2-1: Called Strike
2-2: Ball
3-2: Foul Ball, location: 2F
3-2: Fly out, F3 (Line Drive, 3S)
Batting: LHB Bernardo Montés 0-0: Called Strike
0-1: Ball
1-1: Called Strike
1-2: Ball
2-2: Ball
3-2: Fly out, F4 (Popup, 4)
Batting: LHB Juan Carlos Sánchez 0-0: Ball
1-0: Ball
2-0: Foul Ball, location: 2F
2-1: Fly out, F8 (Flyball, 78M)
Top of the 5th over - 0 run(s), 0 hit(s), 0 error(s), 0 left on base; Albuquerque 0 - Texarkana 3
BOTTOM OF THE 5TH
Texarkana Bears batting - Pitching for Albuquerque Isotopes : RHP Francisco Álvarez
Batting: RHB Tony Reyes 0-0: Swinging Strike
0-1: Ball
1-1: TRIPLE (Flyball, 78D)
Batting: LHB Sam Barnes 0-0: Intentional Walk
Batting: RHB Billy Campbell 0-0: Foul Ball, location: 2F
0-1: Ball
1-1: Fly out, F8 (Flyball, 8RM)
Runner from 3rd tags up, OUT at HOME
Sam Barnes to second
Batting: LHB Tom Mullins 0-0: Intentional Walk
Batting: RHB Taki Chikafuji 0-0: Called Strike
0-1: SINGLE (Groundball, 4MD)
Sam Barnes to third
Tom Mullins to second
Runner from 3rd tries for Home, SAFE, no throw
Batting: LHB Mark Thomas 0-0: Foul Ball, location: 2F
0-1: Ball
1-1: Foul Ball, location: 2F
1-2: Foul Ball, location: 2F
1-2: Foul Ball, location: 2F
1-2: Ball
2-2: Foul Ball, location: 2F
2-2: Ball
3-2: Foul Ball, location: 2F
3-2: SINGLE (Groundball, 34D)
Tom Mullins to third
Taki Chikafuji to second
Tom Mullins scores
Taki Chikafuji to third
Pitching: RHP Mark Sanders
Batting: RHB Juan Rico 0-0: Ball
1-0: Foul Ball, location: 2F
1-1: Ball
2-1: Ball
3-1: Called Strike
3-2: SINGLE (Line Drive, 5D)
Taki Chikafuji scores
Mark Thomas to second
Mark Thomas to third
Batting: RHB Arturo Rodríguez 0-0: Fly out, F5 (Popup, 5S)
Bottom of the 5th over - 3 run(s), 4 hit(s), 0 error(s), 2 left on base; Albuquerque 0 - Texarkana 6
TOP OF THE 6TH
Albuquerque Isotopes batting - Pitching for Texarkana Bears : RHP Ángelo Gusmán
Batting: LHB José González 0-0: Ground out 3-1 (Groundball, 34)
Batting: RHB Juan Vareas 0-0: Called Strike
0-1: Ball
1-1: Ball
2-1: Called Strike
2-2: Ground out 4-3 (Groundball, 4)
Batting: RHB Alden Isenhood 0-0: Ball
1-0: Foul Ball, location: 2F
1-1: SINGLE (Groundball, 6MS) (infield hit)
Pitching: RHP Asher Zasko
Batting: RHB Víctor Solano 0-0: Ball
1-0: Fielders Choice at 2nd, 6-4 (Groundball, 6)
Top of the 6th over - 0 run(s), 1 hit(s), 0 error(s), 0 left on base; Albuquerque 0 - Texarkana 6
BOTTOM OF THE 6TH
Texarkana Bears batting - Pitching for Albuquerque Isotopes : RHP Mark Sanders
Batting: RHB Steve Garneys 0-0: Ball
1-0: Swinging Strike
1-1: Swinging Strike
1-2: Ball
2-2: Ground out 1-3 (Groundball, P)
Batting: RHB Tony Reyes 0-0: SINGLE (Groundball, 34D)
Batting: LHB Sam Barnes 0-0: Called Strike
0-1: Called Strike
0-2: Ball
Wild Pitch!
Tony Reyes to second
1-2: Foul Ball, location: 2F
1-2: Strikes out swinging
Batting: RHB Billy Campbell 0-0: Called Strike
0-1: Foul Ball, location: 2F
0-2: Ball
1-2: Foul Ball, location: 2F
1-2: Ball
2-2: Ball
3-2: Base on Balls
Batting: LHB Tom Mullins 0-0: Ball
1-0: Ball
2-0: Ball
3-0: Base on Balls
Tony Reyes to third
Billy Campbell to second
Batting: RHB Taki Chikafuji 0-0: Ball
1-0: Called Strike
1-1: Swinging Strike
1-2: Foul Ball, location: 2F
1-2: Ball
2-2: Foul Ball, location: 2F
2-2: Fly out, F8 (Flyball, 8LM)
Bottom of the 6th over - 0 run(s), 1 hit(s), 0 error(s), 3 left on base; Albuquerque 0 - Texarkana 6
TOP OF THE 7TH
Albuquerque Isotopes batting - Pitching for Texarkana Bears : RHP Asher Zasko
Batting: RHB Dave McGrath 0-0: Ball
1-0: Ball
2-0: Foul Ball, location: 2F
2-1: Ball
3-1: Foul Ball, location: 2F
3-2: Ground out 2-3 (Groundball, 2L)
Batting: RHB Rick Ayliffe 0-0: Ball
1-0: Swinging Strike
1-1: Swinging Strike
1-2: Foul Ball, location: 2F
1-2: Strikes out swinging
Batting: RHB Miguel Monteagudo 0-0: Swinging Strike
0-1: Ball
1-1: Swinging Strike
1-2: Strikes out swinging
Top of the 7th over - 0 run(s), 0 hit(s), 0 error(s), 0 left on base; Albuquerque 0 - Texarkana 6
BOTTOM OF THE 7TH
Texarkana Bears batting - Pitching for Albuquerque Isotopes : RHP Mark Sanders
Pitching: RHP Kenny Skinner
Batting: LHB Mark Thomas 0-0: DOUBLE (Line Drive, 3D)
Batting: RHB Juan Rico 0-0: Swinging Strike
0-1: Ball
1-1: Swinging Strike
1-2: Fly out, F8 (Flyball, 8RS)
Batting: RHB Arturo Rodríguez 0-0: Ground out 4-3 (Groundball, 4)
Mark Thomas to third
Batting: RHB Steve Garneys 0-0: Called Strike
0-1: Swinging Strike
0-2: Strikes out swinging
Bottom of the 7th over - 0 run(s), 1 hit(s), 0 error(s), 1 left on base; Albuquerque 0 - Texarkana 6
TOP OF THE 8TH
Albuquerque Isotopes batting - Pitching for Texarkana Bears : RHP Asher Zasko
Batting: LHB Bernardo Montés 0-0: Foul Ball, location: 2F
0-1: Fly out, F7 (Line Drive, 7LM)
Batting: LHB Juan Carlos Sánchez 0-0: Foul Ball, location: 2F
0-1: Called Strike
0-2: Strikes out swinging
Batting: LHB José González 0-0: Called Strike
0-1: Ball
1-1: Called Strike
1-2: Strikes out looking
Top of the 8th over - 0 run(s), 0 hit(s), 0 error(s), 0 left on base; Albuquerque 0 - Texarkana 6
BOTTOM OF THE 8TH
Texarkana Bears batting - Pitching for Albuquerque Isotopes : RHP Kenny Skinner
Batting: RHB Tony Reyes 0-0: Ball
1-0: Ball
2-0: Swinging Strike
2-1: Foul Ball, location: 2F
2-2: Foul Ball, location: 2F
2-2: Foul Ball, location: 2F
2-2: Foul Ball, location: 2F
2-2: Ball
3-2: SOLO HOME RUN (Line Drive, 7D), Distance : 410 ft
Batting: LHB Sam Barnes 0-0: DOUBLE (Line Drive, 89D)
Batting: RHB Billy Campbell 0-0: Ball
1-0: Ground out 6-3 (Groundball, 6)
Pitching: RHP Manny Muñóz
Batting: LHB Tom Mullins 0-0: Ball
1-0: Ball
2-0: SINGLE (Groundball, 34D)
Sam Barnes to third
Runner from 3rd tries for Home, SAFE, throw made home
Batting: RHB Taki Chikafuji 0-0: Called Strike
0-1: 2-RUN HOME RUN (Flyball, 7D), Distance : 416 ft
Batting: LHB Mark Thomas 0-0: Ball
1-0: Fly out, F3 (Popup, 34S)
Batting: RHB Juan Rico 0-0: Ball
1-0: Fly out, F8 (Flyball, 8LM)
Bottom of the 8th over - 4 run(s), 4 hit(s), 0 error(s), 0 left on base; Albuquerque 0 - Texarkana 10
TOP OF THE 9TH
Albuquerque Isotopes batting - Pitching for Texarkana Bears : RHP Asher Zasko
Batting: RHB Juan Vareas 0-0: Ball
1-0: Ball
2-0: Foul Ball, location: 2F
2-1: Called Strike
2-2: Fly out, F6 (Popup, 4MD)
Batting: RHB Alden Isenhood 0-0: Fly out, F8 (Flyball, 8RM)
Batting: RHB Víctor Solano 0-0: Ball
1-0: Called Strike
1-1: Foul Ball, location: 2F
1-2: Fly out, F7 (Flyball, 7)
Top of the 9th over - 0 run(s), 0 hit(s), 0 error(s), 0 left on base; Albuquerque 0 - Texarkana 10
Thursday, March 30th, 2017 - OOTP Baseball 17.12 Build 75